 Dungeon Crawl Stone Soup version 0.29.1-1-gd02db69 (webtiles) character file.

Game seed: 2183888532607860818

3164 Ayyar the Fighter (level 9, -6/153 HPs)
             Began as an Ogre Berserker on Apr 27, 2023.
             Was a Priest of Trog.
             Mangled by an orc warrior
             ... wielding a +0 war axe
              (7 damage)
             ... in a bailey on Apr 28, 2023.
             The game lasted 00:33:17 (7933 turns).

Ayyar the Fighter (Ogre Berserker)                  Turns: 7933, Time: 00:33:17

Health: -6/153     AC: 24    Str: 27    XL:     9   Next: 94%
Magic:  9/9        EV:  1    Int:  8    God:    Trog [***...]
Gold:   301        SH:  0    Dex:  8    Spells: 8/8 levels left

rFire   + . .      SeeInvis .   x - +3 halberd
rCold   . . .      Faith    .   (shield currently unavailable)
rNeg    . . .      Spirit   .   (body armour currently unavailable)
rPois   +          Reflect  .   (helmet currently unavailable)
rElec   .          Harm     .   (cloak currently unavailable)
rCorr   .          Rampage  .   (gloves unavailable)
Will    ++...      NoTele   +   (boots unavailable)
Stlth   +.........              (no amulet)
HPRegen 1.35/turn               r - ring of protection from fire
MPRegen 0.11/turn               (no ring)

@: tree-form, strong-willed (expiring), on berserk cooldown, regenerating
(expiring), slowed, very slow
A: stationary, stasis, torment immunity, boosted hp, large, unfitting armour,
(tough skin 1)
a: Renounce Religion, Berserk, Trog's Hand


You were in a bailey.
You worshipped Trog.
Trog was most pleased with you.
You were a tree.
You visited 1 branch of the dungeon, and saw 7 of its levels.
You also visited: Bailey.

You collected 301 gold pieces.

Inventory:

Hand Weapons
 c - a +0 scythe
 h - a +0 flail of holy wrath
 v - a +2 trident of protection
 x - a +3 halberd (weapon)
Missiles
 i - 8 poisoned darts
 q - a throwing net
 t - 4 atropa-tipped darts
 w - 9 boomerangs (quivered)
Armour
 a - the +1 robe "Reer" {*Corrode rF++ Str+5}
   (You found it on level 5 of the Dungeon)

   Str:       It affects your strength (+5).
   rF:        It greatly protects you from fire.
   *Corrode:  It may corrode you when you take damage.
 k - a +2 robe of willpower (melded)
Jewellery
 r - a ring of protection from fire (left branch)
Wands
 b - a wand of paralysis (8)
 A - a wand of flame (12)
Scrolls
 d - 2 scrolls of amnesia {unknown}
 e - 3 scrolls of teleportation
 f - a scroll of noise {unknown}
 j - 2 scrolls of fog {unknown}
 l - a scroll of identify
 m - 2 scrolls of poison {unknown}
 n - a scroll of blinking {unknown}
 p - 2 scrolls of immolation {unknown}
 u - a scroll of enchant armour {unknown}
 y - a scroll of vulnerability {unknown}
Potions
 g - a potion of curing
 o - a potion of lignification
 s - 2 potions of attraction
 z - a potion of haste {unknown}


   Skills:
 + Level 10.9 Fighting
 * Level 8.1 Polearms
 + Level 5.3 Throwing
 + Level 6.2 Dodging


You had 8 spell levels left.
You didn't know any spells.
Your spell library was empty.

Dungeon Overview and Level Annotations

Branches:
Dungeon (7/15)             Temple (0/1) D:5          Bailey (1/1)

Altars:
Ashenzari
Makhleb
Nemelex Xobeh
Qazlal
Ru
Uskayaw

Shops:
D:4 *   D:6 =


Innate Abilities, Weirdness & Mutations

You are a tree.
Your roots penetrate the ground, keeping you stationary.
You cannot be teleported.
You are immune to unholy pain and torment.
Your maximum health is greatly increased.
Your equipment is partially melded.
You are too large for most types of armour.
((You have tough skin. (AC +1)))


Message History

Trog accepts your kill.
Your Polearms skill increases to level 8!
You barely miss the orc warrior. You impale the orc warrior!!
The orc warrior is severely wounded.
The orc warrior closely misses you.
You slash the orc warrior!
You kill the orc warrior!
Trog accepts your kill.
You closely miss the goblin. The goblin hits you with a +0 war axe.
* * * LOW HITPOINT WARNING * * *
You barely miss the goblin. You slash the goblin!
You kill the goblin!
Trog accepts your kill.
You slice the orc warrior!!
The orc warrior is severely wounded.
The orc warrior hits you with a +0 hand axe.
* * * LOW HITPOINT WARNING * * *
You closely miss the orc warrior.
The orc warrior is severely wounded.
You are no longer berserk.
You are exhausted.
You feel yourself slow down.
Really quaff the potion of lignification?
You turn into a tree.
Your +2 robe of willpower melds into your body.
You feel less strong-willed.
Your roots penetrate the ground.
You feel the effects of Trog's Hand fading.
The orc warrior hits you with a +0 hand axe!
* * * LOW HITPOINT WARNING * * *
You hit the orc warrior.
The orc warrior is severely wounded.
The orc warrior hits you with a +0 war axe!
* * * LOW HITPOINT WARNING * * *
The orc warrior hits you but does no damage.
The orc warrior hits you with a +0 hand axe.
* * * LOW HITPOINT WARNING * * *
The orc warrior hits you with a +0 war axe!
You die...

# .........8 #
...⌠.... # .......
# ..... # .... ###
## ..###.### ###.
#o#.....### ###...
##♣o.......###.....
#...........#......
#...........#......
#.....⌠.....#)....⌠
#..........))......
#...........#).....
##.........###.....
###.....### ###...
###.### ###.


You could see 2 orc warriors.

Vanquished Creatures
  Pikel (D:4)
  A hornet (D:5)
  Sigmund (D:2)
  Duvessa (D:4)
  3 black bears
  6 orc warriors (Bailey)
  An ogre (D:5)
  A centaur (D:5)
  3 phantoms
  A bullfrog (D:6)
  A gnoll sergeant (D:6)
  A scorpion (D:4)
  Dowan (D:4)
  5 jellies
  2 orc priests (D:4)
  3 hounds
  6 iguanas
  Natasha (D:3)
  3 orc wizards
  10 gnolls
  2 adders
  A white imp (D:6)
  2 worms
  6 dart slugs
  20 orcs
  6 bats
  6 endoplasms
  3 giant cockroaches (D:1)
  16 goblins
  9 hobgoblins
  7 quokkas
  9 ball pythons
  5 frilled lizards
  9 kobolds
  8 rats
161 creatures vanquished.

Vanquished Creatures (others)
  A fungus (D:1)
1 creature vanquished.

Grand Total: 162 creatures vanquished

Notes
Turn   | Place    | Note
-------+----------+-------------------------------------------
     0 | D:1      | Ayyar the Ogre Berserker began the quest for the Orb.
     0 | D:1      | Reached XP level 1. HP: 24/24 MP: 1/1
   156 | D:1      | Reached XP level 2. HP: 32/33 MP: 2/2
   225 | D:1      | Found a faded altar of an unknown god.
   432 | D:1      | Reached XP level 3. HP: 25/41 MP: 3/3
  1064 | D:2      | Noticed Sigmund
  1089 | D:2      | HP: 2/41 [something (8)]
  1358 | D:2      | Killed Sigmund
  1359 | D:2      | Reached skill level 6 in Fighting
  1359 | D:2      | Reached XP level 4. HP: 53/53 MP: 4/4
  1359 | D:2      | Reached XP level 5. HP: 61/61 MP: 5/5
  1478 | D:2      | You fall into a shaft and drop 2 floors!
  1478 | D:4      | Found Siggeon's Fire Supplies.
  1484 | D:4      | Reached ** piety under Trog
  1485 | D:4      | Reached XP level 6. HP: 60/68 MP: 6/6
  1514 | D:4      | Reached skill level 1 in Throwing
  1947 | D:3      | Reached skill level 7 in Fighting
  1964 | D:3      | Found a sparkling altar of Nemelex Xobeh.
  2954 | D:3      | Noticed Natasha
  2965 | D:3      | Killed Natasha
  2985 | D:3      | Reached XP level 7. HP: 38/78 MP: 7/7
  3434 | D:4      | Noticed Duvessa
  3434 | D:4      | Noticed Dowan
  3463 | D:4      | Killed Duvessa
  3474 | D:4      | Killed Dowan
  3475 | D:4      | Reached skill level 8 in Fighting
  3934 | D:4      | Noticed Pikel
  3963 | D:4      | Killed Pikel
  3964 | D:4      | Reached skill level 9 in Fighting
  3964 | D:4      | Reached skill level 5 in Polearms
  3964 | D:4      | Reached XP level 8. HP: 92/92 MP: 8/8
  4412 | D:4      | Reached skill level 5 in Dodging
  4581 | D:4      | Found a hide-covered altar of Uskayaw.
  5158 | D:5      | Entered Level 5 of the Dungeon
  5164 | D:5      | Identified the +1 robe "Reer" {*Corrode rF++ Str+5}
  5476 | D:5      | Noticed a hornet
  5490 | D:5      | Killed a hornet
  5491 | D:5      | Reached skill level 10 in Fighting
  5491 | D:5      | Reached XP level 9. HP: 60/101 MP: 9/9
  5761 | D:5      | Found a broken altar of Ashenzari.
  5761 | D:5      | Found a stormy altar of Qazlal.
  5968 | D:5      | Found a staircase to the Ecumenical Temple.
  6202 | D:6      | Reached *** piety under Trog
  6768 | D:6      | Found a sacrificial altar of Ru.
  6961 | D:6      | Found Xitixamm's Jewellery Shop.
  7426 | D:6      | Found a burning altar of Makhleb.
  7531 | D:7      | Found a flagged portal.
  7558 | Bailey   | Entered a bailey
  7594 | Bailey   | Reached skill level 5 in Throwing
  7933 | Bailey   | HP: 5/153 [orc warrior/+0 war axe (8)]
  7933 | Bailey   | HP: 1/153 [orc warrior/+0 hand axe (4)]
  7933 | Bailey   | Mangled by an orc warrior

Illustrated notes

Levels and vault maps discovered:
D:1:      dpeg_arrival_solitude, layout_loops_ring,
          shapermc_ecumenical_altar_ellora, kennysheep_pointless_box,
          grunt_decor_junction
D:2:      layout_basic, uniq_sigmund
D:3:      cheibrodos_helix_gallery, layout_loops_ring,
          nemelex_diamond_rough_becter, uniq_natasha
D:4:      layout_loops_corners, pf_just_have_faith, nicolae_shop_fire_sale
          [nicolae_sub_dead_trees], kennysheep_generic_room_12, uniq_duvessa,
          uniq_pikel
D:5:      layout_rooms, gammafunk_temple_overflow_wave,
          minmay_temple_entry_antechambers, minmay_crystal_water,
          chequers_serial_rivers_micro_e
D:6:      layout_basic, mainiacjoe_overflow_alcove_1, bloody_makhleb,
          serial_curves, eino_curves_01, eino_curves_04, serial_shops,
          nicolae_inconvenience_store
D:7:      layout_rooms, enter_bailey_5, uniq_joseph
Bailey:   bailey_axe_minmay_hex_keep, bailey

Skill      XL: |  1  2  3  4  5  6  7  8  9 |
---------------+----------------------------+-----
Dodging        | 3 4 5 6 |  6.2
Fighting       | 6 7 9 10 | 10.9
Polearms       | 4 5 6 8 |  8.1
Throwing       | 1 3 4 5 |  5.3

Action                   |  1- 3 |  4- 6 |  7- 9 || total
-------------------------+-------+-------+-------++-------
Melee: Spear             |    88 |   141 |   153 ||   382
       Punch             |       |       |     3 ||     3
       Halberd           |       |       |   196 ||   196
       Trident           |       |       |     7 ||     7
Throw: Dart              |       |     3 |    20 ||    23
       Boomerang         |       |       |    14 ||    14
Invok: Berserk           |     1 |     1 |     7 ||     9
       Trog's Hand       |       |       |     3 ||     3
Evoke: Wand              |       |       |     1 ||     1
  Use: Potion            |     2 |       |     2 ||     4
       Scroll            |       |       |     3 ||     3
 Stab: Sleeping          |     1 |     2 |       ||     3
       Paralysed         |       |       |     5 ||     5
Armor: Animal skin       |    12 |    19 |     3 ||    34
       Robe              |       |       |    71 ||    71
       Skin              |       |       |     1 ||     1
Dodge: Dodged            |    33 |    29 |   118 ||   180
